cohdb
Replays
Latest Replays
All Replays
Popular Replays
Top Player Replays
Match Explorer
How It Works
Community
CoH3 Stats
Reddit
Sign in to upload your games and track your stats! →
Sign in with Steam
Match 42591206
Unlisted
Match 42591206
Overview
Messages
Build Orders
End
Scout Squad
Selects Airborne Battlegroup
Selects Pathfinders
Construct Weapon Support Center
M1919 Machine Gun Team
Construct Medical Station
Construct Medical Station
Selects Paratrooper Squad Paradrop
Paratrooper Squad Paradrop
Mechanized Support Center
Paratrooper Squad Paradrop
M3 Armored Personnel Carrier
Engineer Squad
Designate Forward Repair Station
Bran
DrewP
Dillbro
Stielchen
Toupetauswurst
garnett_84
0
0
Comments
sign in to comment!
No comments posted yet!